 Dungeon Crawl Stone Soup version 0.25-a0-474-ga8a2ee3166 (webtiles) character file.

Game seed: 4952329633476955797, levelgen mode: deterministic

136 kae the Insei (level 4, -2/52 HPs)
             Began as a Draconian Transmuter on Feb 7, 2020.
             Slain by a river rat (6 damage)
             ... in a sewer.
             The game lasted 00:02:28 (1693 turns).

kae the Insei (Draconian Transmuter)                Turns: 1693, Time: 00:02:28

Health: -2/52      AC:  5    Str: 17      XL:     4   Next: 98%
Magic:  4/7        EV: 12    Int: 11 (14) God:
Gold:   113        SH:  0    Dex: 11 (12) Spells: 1/7 levels left

rFire    . . .     SeeInvis .     - Unarmed
rCold    . . .     Gourm    .   (no shield)
rNeg     . . .     Faith    .   (armour unavailable)
rPois    .         Spirit   .   (helmet restricted)
rElec    .         Reflect  .   (no cloak)
rCorr    .         Harm     .   (no gloves)
MR       .....                  (no boots)
Stlth    ..........             (no amulet)
HPRegen  0.17/turn              (no ring)
MPRegen  0.10/turn              (no ring)

@: berserking, very slightly contaminated, invisible (expiring), very quick
A: unfitting armour, cold-blooded, AC +5
a: no special abilities


You were in a sewer.
You were hungry.

You visited 1 branch of the dungeon, and saw 3 of its levels.
You also visited: Sewer.

You collected 113 gold pieces.

Inventory:

Missiles
 a - 42 arrows
Scrolls
 b - 3 scrolls of enchant armour
 e - 2 scrolls of remove curse
 i - 2 scrolls of immolation
Potions
 g - a potion of brilliance
Comestibles
 c - 3 rations
 l - 10 chunks of flesh


   Skills:
 - Level 1.1 Fighting
 - Level 1.7 Dodging
 * Level 5.0 Unarmed Combat
 - Level 2.0 Spellcasting
 + Level 3.3 Transmutations


You had one spell level left.
You knew the following spells:

 Your Spells              Type           Power        Failure   Level  Hunger
a - Beastly Appendage     Tmut           #.....       8%          1    ##.....
b - Sticks to Snakes      Tmut           #.......     11%         2    ###....
c - Spider Form           Tmut/Pois      #.........   41%         3    ####...

Your spell library contained the following spells:

 Spells                   Type           Power        Failure   Level  Hunger
 Confusing Touch          Hex            #.......     65%         3    ####...
 Gell's Gravitas          Tloc           #.........   65%         3    ####...
 Ice Form                 Ice/Tmut       #.......     82%         4    #####..
 Petrify                  Tmut/Erth      #.......     82%         4    #####..
 Blade Hands              Tmut           #.........   90%         5    ######.
 Yara's Violent Unravell  Hex/Tmut       #.........   99%         5    ######.
 Metabolic Englaciation   Hex/Ice        #.........   100%        5    ######.


Dungeon Overview and Level Annotations

Branches:
Dungeon (3/15)              Sewer (1/1)

Altars:

Annotations:
D:3 Ijyb


Innate Abilities, Weirdness & Mutations

Your plain brown scales are hard. (AC +5)
You cannot fit into any form of body armour.
You are cold-blooded and may be slowed by cold attacks.


Message History

You hit the river rat.
Your tail-slap misses the river rat.
The river rat is almost dead.
The river rat closely misses you.
You closely miss the river rat.
Your tail-slap misses the river rat.
The river rat is almost dead.
The river rat bites you.
* * * LOW HITPOINT WARNING * * *
You hit the river rat but do no damage.
The river rat is almost dead.
The river rat bites you but does no damage.
Casting: Spider Form (slightly dangerous; 41% risk of failure)
Confirm with . or Enter, or press ? or * to list all spells.
You miscast Spider Form.
Nothing appears to happen.
You are feeling hungry.
You flicker for a moment.
The river rat bites you.
* * * LOW HITPOINT WARNING * * *
A red film seems to cover your vision as you go berserk!
You feel yourself moving faster!
You feel mighty! The river rat bites you.
You die... ################ #..r.r.∩@r....≈≈ ################

You could see a river rat and 2 rats.

Vanquished Creatures
  6 adders
  4 oozes
  A worm (D:2)
  A dart slug (D:1)
  3 leopard geckos
  3 ball pythons (D:3)
  6 bats
  6 giant cockroaches
  3 hobgoblins (D:2)
  7 jackals (D:2)
  4 frilled lizards
  6 goblins
  2 kobolds
  8 rats
60 creatures vanquished.

Vanquished Creatures (others)
  A rat (D:3)
1 creature vanquished.

Grand Total: 61 creatures vanquished

Notes
Turn   | Place    | Note
-------+----------+-------------------------------------------
     0 | D:1      | kae the Draconian Transmuter began the quest for the Orb.
     0 | D:1      | Reached XP level 1. HP: 16/16 MP: 3/3
   326 | D:1      | Reached XP level 2. HP: 23/23 MP: 5/5
   631 | D:2      | Reached XP level 3. HP: 20/28 MP: 4/6
   635 | D:2      | Learned a level 2 spell: Sticks to Snakes
   639 | D:2      | Learned a level 3 spell: Spider Form
   765 | D:2      | Reached skill level 4 in Unarmed Combat
  1144 | D:2      | Reached XP level 4. HP: 35/35 MP: 5/7
  1529 | D:3      | Noticed Ijyb
  1588 | D:3      | Found a glowing drain.
  1664 | D:3      | Reached skill level 5 in Unarmed Combat
  1680 | Sewer    | Entered a sewer
  1693 | Sewer    | Slain by a river rat

Levels and vault maps discovered:
D:1:      onia_arrival_pyramid, layout_basic
D:2:      layout_loops_ring
D:3:      layout_basic, nicolae_ru_the_path_less_chosen, minitemple,
          okawaru_gym_becter, portal_sewer_entry_c, lemuel_old_faithful,
          uniq_ijyb
Sewer:    sewer_kobolds

Skill      XL: |  1  2  3  4 |
---------------+-------------+-----
Unarmed Combat | 4 5 |  5.0
Transmutations | 3 |  3.3
Fighting       | |  1.1
Dodging        | |  1.7
Spellcasting   | |  2.0

Action                   |  1- 3 |  4- 6 || total
-------------------------+-------+-------++-------
Melee: Unarmed           |   110 |    58 ||   168
       Tailslap          |     9 |     7 ||    16
       Headbutt          |     5 |     6 ||    11
       Kick              |     3 |     2 ||     5
       Punch             |       |     2 ||     2
 Cast: Beastly Appendage |    15 |     6 ||    21
       Spider Form       |       |     1 ||     1
       Sticks to Snakes  |       |     1 ||     1
  Use: Scroll            |       |     8 ||     8
       Potion            |       |     3 ||     3
 Stab: Invisible         |       |     1 ||     1
  Eat: Chunk             |     1 |     2 ||     3
Armor: Skin              |    45 |    25 ||    70
Dodge: Dodged            |    81 |    37 ||   118

Table legend:
 A = Non-vault XP
 B = Vault XP
 C = Vault XP percentage of total XP
 D = Non-vault monster count
 E = Vault monster count
 F = Vault count percentage of total count
                 A         B        C        D         E       F
            +---------+---------+-------+---------+---------+-------
      Total |     160 |      35 |  17.9 |      52 |       8 |  13.3
            +---------+---------+-------+---------+---------+-------
        D:1 |      30 |       0 |   0.0 |      15 |       0 |   0.0
        D:2 |      87 |       0 |   0.0 |      27 |       0 |   0.0
        D:3 |      43 |      33 |  43.4 |      10 |       6 |  37.5
      Sewer |       0 |       2 | 100.0 |       0 |       2 | 100.0
            +---------+---------+-------+---------+---------+-------
